 Dungeon Crawl Stone Soup version 0.30-a0-1016-gfb0d676c02 (webtiles) character file.

Game seed: 3866606135306850246

2440 ThatPearl the Slicer (level 9, -2/52 HPs)
             Began as a Kobold Enchanter on Apr 6, 2023.
             Was a Believer of Dithmenos.
             Killed from afar by a white imp (7 damage)
             ... with a puff of frost
             ... on level 7 of the Dungeon.
             The game lasted 00:31:35 (6599 turns).

ThatPearl the Slicer (Kobold Enchanter)             Turns: 6599, Time: 00:31:36

Health: -2/52      AC:  4    Str:  6    XL:     9   Next: 78%
Magic:  16/17      EV: 16    Int: 20    God:    Dithmenos [**....]
Gold:   296        SH:  0    Dex: 15    Spells: 9/18 levels left

rFire   . . .      SeeInvis .    f - +2 dagger (holy)
rCold   . . .      Faith    .    (no shield)
rNeg    . . .      Spirit   .    n - +0 robe
rPois   .          Reflect  .    t - +0 helmet
rElec   .          Rampage  .    e - +0 cloak
rCorr   .                        (no gloves)
Will    .....                    (no boots)
Stlth   +++++                    (no amulet)
HPRegen 0.28/turn                (no ring)
MPRegen 0.15/turn                (no ring)

@: wreathed by umbra, invisible
A: small, no large weapons, nightstalker 3
a: Renounce Religion, Shadow Step


You were on level 7 of the Dungeon.
You worshipped Dithmenos.
Dithmenos was pleased with you.
You visited 1 branch of the dungeon, and saw 7 of its levels.
You also visited: Ossuary.

You collected 296 gold pieces.

Inventory:

Hand Weapons
 f - a +2 dagger of holy wrath (weapon)
 o - the +1 short sword of the Rat {heavy, *Corrode +Blink Str-2 Int+9}
   (You found it on level 3 of the Dungeon)

   Str:       It affects your strength (-2).
   Int:       It affects your intelligence (+9).
   +Blink:    It lets you blink.
   *Corrode:  It may corrode you when you take damage.
 p - a +0 dagger of venom
 v - a +0 rapier
 B - a +3 short sword
 E - a +0 long sword
Missiles
 d - 35 stones
 i - 2 poisoned darts
 A - 4 boomerangs (quivered)
 F - a throwing net
Armour
 e - a +0 cloak (worn)
 n - a +0 robe (worn)
 t - a +0 helmet (worn)
Magical Staves
 H - a staff of earth
Wands
 s - a wand of polymorph (7)
 w - a wand of iceblast (9)
Scrolls
 l - 7 scrolls of noise
 u - a scroll of vulnerability {unknown}
 x - a scroll of silence {unknown}
 y - a scroll of poison
 z - a scroll of teleportation {unknown}
 C - a scroll of blinking {unknown}
 D - a scroll of enchant armour {unknown}
 G - 2 scrolls of immolation
 J - a scroll of amnesia {unknown}
Potions
 a - a potion of lignification
 b - 2 potions of resistance
 c - 3 potions of invisibility
 g - a potion of might
 h - a potion of attraction
 j - 2 potions of berserk rage
 k - a potion of mutation
 m - a potion of flight
 q - a potion of curing
 r - a potion of cancellation
 I - 2 potions of haste
 L - a potion of brilliance {unknown}


   Skills:
 + Level 4.4 Fighting
 + Level 8.7 Short Blades
 - Level 4.1 Dodging
 - Level 4.8 Stealth
 + Level 5.3 Spellcasting
 + Level 6.2 Hexes
 - Level 5.0 Ice Magic


You had 9 spell levels left.
You knew the following spells:

 Your Spells              Type           Power      Damage    Failure   Level
b - Summon Ice Beast      Ice/Summ       15%        N/A       36%         4
c - Confusing Touch       Hex            30%        N/A       2%          3
e - Ensorcelled Hibernat  Hex/Ice        54%        N/A       1%          2

Your spell library contained the following spells:

 Spells                   Type           Power      Damage    Failure   Level
 Tukima's Dance           Hex            30%        N/A       2%          3
 Dazzling Flash           Conj/Hex       34%        N/A       10%         3
 Silence                  Hex/Air        8%         N/A       65%         5
 Summon Mana Viper        Hex/Summ       17%        N/A       65%         5
 Agony                    Necr           5%         N/A       97%         5
 Monstrous Menagerie      Summ           2%         N/A       100%        7


Dungeon Overview and Level Annotations

Branches:
Dungeon (7/15)            Ossuary (visited)
 Temple: D:4-7

Altars:
Cheibriados
Dithmenos
Fedhas
Ru
Vehumet
Wu Jian
Yredelemnul
Zin
The Shining One

Shops:
D:5 *


Innate Abilities, Weirdness & Mutations

You are small and have problems with some larger weapons.
You are completely attuned to the shadows.


Message History

The air fills with toxic fumes!
As you read the scroll of poison, it crumbles to dust.
The bullfrog hits you.
* * * LOW HITPOINT WARNING * * *
The gnoll hits you but does no damage.
You feel better. The bullfrog hits you!
* * * LOW HITPOINT WARNING * * *
A white imp comes into view.
The gnoll closely misses you. The bullfrog misses you.
You fade into invisibility!
The bullfrog hits you.
* * * LOW HITPOINT WARNING * * *
The gnoll barely misses you.
You catch the helpless gnoll completely off-guard!
You impale the gnoll!!
You kill the gnoll!
Dithmenos accepts your kill. The bullfrog closely misses you.
You catch the helpless killer bee completely off-guard!
You impale the killer bee!!
You kill the killer bee!
Dithmenos accepts your kill. The bullfrog misses you.
You catch the helpless bullfrog completely off-guard!
You impale the bullfrog!!
You kill the bullfrog!
Dithmenos accepts your kill.
You hit the white imp but do no damage. You hit the white imp.
The white imp convulses.
The white imp is moderately wounded.
The killer bee is engulfed in poison gas.
The killer bee is poisoned.
You catch the helpless killer bee completely off-guard!
You impale the killer bee!!
You kill the killer bee!
Dithmenos accepts your kill.
Found 14 gold pieces.
The white imp gestures at you. The puff of frost hits you!
You die...

#§§§☼☼§§.
#§○§y.○y.
#§§§§§§§.
#§§§†§§§.
#§<@5☼§.
##☼§§§§$
###☼§§.
###.


You could see 2 killer bees and a white imp (unable to see you).

Vanquished Creatures
  Eustachio (D:4)
  3 yaks
  Duvessa (D:4)
  An ogre (D:5)
  2 phantoms
  3 bullfrogs
  2 scorpions
  3 wights (D:7)
  Dowan (D:4)
  A howler monkey (D:5)
  3 killer bees (D:7)
  4 centaur zombies (Ossuary)
  2 hounds
  A human zombie (Ossuary)
  A jelly (D:6)
  3 orc priests
  4 iguanas
  Ijyb (D:5)
  2 sleepcaps (D:5)
  2 orc wizards
  4 mummies (Ossuary)
  Robin (D:3)
  8 gnolls
  3 adders
  A shadow imp (D:6)
  An ufetubus (D:5)
  4 dart slugs
  15 orcs
  7 ball pythons
  5 endoplasms
  3 giant cockroaches
  2 gnoll zombies (Ossuary)
  10 goblins
  7 hobgoblins
  4 jackals
  4 quokkas
  6 bats
  2 frilled lizards
  A goblin zombie (Ossuary)
  3 kobolds
  2 quokka zombies (D:7)
  7 rats
141 creatures vanquished.

Vanquished Creatures (others)
  2 plants (D:6)
2 creatures vanquished.

Grand Total: 143 creatures vanquished

Notes
Turn   | Place    | Note
-------+----------+-------------------------------------------
     0 | D:1      | ThatPearl the Kobold Enchanter began the quest for the Orb.
     0 | D:1      | Reached XP level 1. HP: 10/10 MP: 3/3
    94 | D:1      | Reached skill level 2 in Short Blades
   105 | D:1      | Reached XP level 2. HP: 15/15 MP: 5/5
   367 | D:1      | Learned a level 2 spell: Ensorcelled Hibernation
   504 | D:1      | Found a faded altar of an unknown god.
   513 | D:1      | Reached XP level 3. HP: 19/19 MP: 6/6
   634 | D:1      | Reached skill level 3 in Short Blades
   930 | D:2      | Reached skill level 1 in Ice Magic
   930 | D:2      | Reached XP level 4. HP: 24/24 MP: 7/7
   934 | D:2      | Learned a level 3 spell: Confusing Touch
  1522 | D:3      | Identified the +1 short sword of the Rat {heavy, *Corrode
                  | +Blink Str-2 Int+9}
  1614 | D:3      | Reached XP level 5. HP: 28/28 MP: 8/8
  1888 | D:3      | Reached skill level 4 in Short Blades
  1900 | D:3      | Found a radiant altar of Vehumet.
  1933 | D:3      | Noticed Robin
  1941 | D:3      | Killed Robin
  2021 | D:3      | Found a sacrificial altar of Ru.
  2250 | D:3      | Found a snail-covered altar of Cheibriados.
  2269 | D:3      | Found a blossoming altar of Fedhas.
  2273 | D:3      | Found a shadowy altar of Dithmenos.
  2278 | D:3      | Became a worshipper of Dithmenos the Shadowed
  2557 | D:4      | Noticed Dowan
  2562 | D:4      | Noticed Duvessa
  2847 | D:4      | Noticed Eustachio
  2868 | D:4      | Killed Eustachio
  2869 | D:4      | Reached skill level 5 in Short Blades
  2869 | D:4      | Reached XP level 6. HP: 29/32 MP: 9/9
  2964 | D:4      | Learned a level 4 spell: Summon Ice Beast
  2991 | D:4      | Found a basalt altar of Yredelemnul.
  2994 | D:4      | Noticed a profane servitor
  3006 | D:4      | Found a glowing golden altar of the Shining One.
  3009 | D:4      | Noticed an angel
  3073 | D:4      | Reached XP level 7. HP: 36/36 MP: 9/11
  3180 | D:5      | Entered Level 5 of the Dungeon
  3180 | D:5      | Noticed Ijyb
  3180 | D:5      | Noticed a yak
  3180 | D:5      | Noticed a yak
  3187 | D:4      | Killed a yak
  3188 | D:4      | Reached skill level 6 in Short Blades
  3598 | D:5      | Reached XP level 8. HP: 29/41 MP: 12/12
  3599 | D:5      | Reached * piety under Dithmenos
  3627 | D:5      | Found Zin's Purification Station.
  3630 | D:5      | Found a glowing silver altar of Zin.
  3662 | D:5      | Killed Ijyb
  3765 | D:5      | Reached skill level 1 in Fighting
  3787 | D:5      | Noticed a yak
  3905 | D:5      | Reached skill level 7 in Short Blades
  4062 | D:4      | Killed a yak
  4063 | D:4      | Reached skill level 5 in Hexes
  4101 | D:4      | Killed Dowan
  4105 | D:4      | Killed Duvessa
  4570 | D:5      | Found an ornate altar of the Wu Jian Council.
  4920 | D:5      | Reached XP level 9. HP: 49/49 MP: 9/15
  5450 | D:5      | Reached skill level 8 in Short Blades
  6077 | D:7      | Found a sand-covered staircase.
  6093 | Ossuary  | Entered an ossuary
  6148 | Ossuary  | Reached skill level 5 in Spellcasting
  6524 | D:7      | Reached ** piety under Dithmenos
  6525 | D:7      | Reached skill level 5 in Ice Magic
  6599 | D:7      | Killed from afar by a white imp

Illustrated notes

Levels and vault maps discovered:
D:1:      amcnicky_arrival_double_pillar, layout_loops_ring,
          hellmonk_ecumenical_altar_run_dry, serial_park_tiny_1
D:2:      layout_rooms
D:3:      layout_loops_ring, mainiacjoe_overflow_six_doors_small,
          minmay_overflow_temple_star_quad, nicolae_ru_path_of_blood,
          kennysheep_potato, uniq_robin
D:4:      layout_loops_ring, grunt_temple_overflow_holy_war, uniq_eustachio,
          uniq_duvessa
D:5:      layout_rooms, zin_purify, nzn_wu_jian_council_hall, uniq_ijyb
D:6:      layout_cave_pools, minmay_temple_entry_overgrown
D:7:      layout_cave_pods, enter_ossuary_4, corner_web_ring

Skill      XL: |  1  2  3  4  5  6  7  8  9 |
---------------+----------------------------+-----
Short Blades   | 2 3 5 6 7 8 |  8.7
Ice Magic      | 1 2 3 4 5 |  5.0
Dodging        | 3 4 |  4.1
Hexes          | 4 5 6 |  6.2
Spellcasting   | 3 4 5 |  5.3
Fighting       | 2 4 |  4.4
Stealth        | |  4.8

Action                     |  1- 3 |  4- 6 |  7- 9 || total
---------------------------+-------+-------+-------++-------
  Melee: Dagger            |    55 |    71 |   262 ||   388
         Punch             |     1 |     1 |     6 ||     8
         Short sword       |       |    58 |    25 ||    83
  Throw: Stone             |     2 |     1 |     1 ||     4
         Boomerang         |       |       |     1 ||     1
   Cast: Ensorcelled Hiber |     1 |       |    28 ||    29
         Confusing Touch   |       |       |     6 ||     6
Ability: Evoke Blink       |       |       |     2 ||     2
    Use: Scroll            |       |     7 |     9 ||    16
         Potion            |       |       |     2 ||     2
   Stab: Sleeping          |    11 |    31 |    26 ||    68
         Confused          |       |       |     6 ||     6
         Invisible         |       |       |     4 ||     4
         Distracted        |       |       |     2 ||     2
 Armour: Robe              |     2 |    17 |    22 ||    41
  Dodge: Dodged            |    33 |    52 |   173 ||   258

Table legend: (Time is in decaauts)
 A = Elapsed time spent in this place.
 B = Non-inter-level travel time spent in this place.
 C = Inter-level travel time spent in this place.
 D = Time resting spent in this place.
 E = Time spent auto-exploring this place.
 F = Levels seen in this place.
 G = Mean time per level.
                   A        B        C        D        E       F      G
               +--------+--------+--------+--------+--------+-----+--------+
         Total |   6487 |   6183 |    304 |   1472 |   2504 |   8 |  810.9 |
       Dungeon |   6115 |   5811 |    304 |   1317 |   2496 |   7 |  873.6 |
       Ossuary |    372 |    372 |      0 |    155 |      8 |   1 |  372.0 |
               +--------+--------+--------+--------+--------+-----+--------+

Top non-repeatable levels by time:
     D:5: 1552 daAuts
     D:4: 1282 daAuts
     D:3: 1166 daAuts
     D:1: 919 daAuts
     D:2: 577 daAuts
     D:6: 542 daAuts
 Ossuary: 372 daAuts
     D:7: 74 daAuts
